 Dungeon Crawl Stone Soup version 0.29-a0-653-gd47aff6735 (webtiles) character file.

Game seed: 15786704587522645712

28 ytrimaz the Chopper (level 3, 29/29 HPs)
             Began as a Demonspawn Berserker on June 21, 2022.
             Was a Follower of Trog.
             Quit the game on level 1 of the Dungeon.
             The game lasted 00:01:15 (1323 turns).

ytrimaz the Chopper (Demonspawn Berserker)          Turns: 1323, Time: 00:01:16

Health: 29/29      AC:  5    Str: 19    XL:     3   Next: 0%
Magic:  3/3        EV: 12    Int:  8    God:    Trog [*.....]
Gold:   68         SH:  0    Dex: 12    Spells: 2/2 levels left

rFire   . . .      SeeInvis .   a - +0 hand axe
rCold   . . .      Faith    .   (no shield)
rNeg    . . .      Spirit   .   b - +0 animal skin
rPois   .          Reflect  .   (no helmet)
rElec   .          Harm     .   (no cloak)
rCorr   +          Rampage  .   d - +0 pair of gloves
Will    .....                   (no boots)
Stlth   +.........              (no amulet)
HPRegen 0.09/turn               j - ring of resist corrosion
MPRegen 0.08/turn               (no ring)

@: no status effects
A: yellow scales 1, demonic magic 1
a: Renounce Religion, Berserk


You were on level 1 of the Dungeon.
You worshipped Trog.
Trog was aware of your devotion.
You visited 1 branch of the dungeon, and saw 1 of its levels.

You collected 68 gold pieces.

Inventory:

Hand Weapons
 a - a +0 hand axe (weapon)
Armour
 b - a +0 animal skin (worn)
 d - a +0 pair of gloves (worn)
Jewellery
 j - a ring of resist corrosion (left hand)
Scrolls
 h - 2 scrolls of teleportation {unknown}
 i - a scroll of enchant armour {unknown}
Potions
 c - a potion of brilliance {unknown}
 e - a potion of mutation {unknown}
 f - 2 potions of curing {unknown}
 g - 2 potions of berserk rage {unknown}


   Skills:
 - Level 3.0 Fighting
 + Level 3.8 Axes
 - Level 1.7 Armour
 - Level 1.7 Dodging


You had 2 spell levels left.
You didn't know any spells.
Your spell library was empty.

Dungeon Overview and Level Annotations

Branches:
Dungeon (1/15)

Altars:

Shops:
D:1 (


Innate Abilities, Weirdness & Mutations

You are partially covered in yellow scales. (AC +2)
Spells you cast may paralyse adjacent enemies.


Message History

No target in view!
You now have 68 gold pieces (gained 16).
g - 2 orange potions (gained 1)
Found Wiserete's Weapon Emporium.
There is an entrance to Wiserete's Weapon Emporium here.
There is an entrance to Wiserete's Weapon Emporium here.
h - a scroll labelled AMOCWUUFAU
h - 2 scrolls labelled AMOCWUUFAU (gained 1)
You open the door.
There is an open door here.
i - a scroll labelled YXEARU UNWUAPH
j - a ring of resist corrosion
Found 6 javelins.
j - a ring of resist corrosion (left hand)
You see here 6 javelins.
An endoplasm comes into view.
An endoplasm is nearby!
An endoplasm is nearby!
An endoplasm is nearby!
The endoplasm quivers.
The endoplasm closely misses you.
You hit the endoplasm but do no damage. The endoplasm freezes you.
You are frozen.
You hit the endoplasm but do no damage. The endoplasm hits you.
You completely miss the endoplasm.
The endoplasm hits you but does no damage.
You hit the endoplasm.
You kill the endoplasm!
Trog accepts your kill.
You have reached level 3!
Your experience leads to an increase in your attributes!
Increase (S)trength, (I)ntelligence, or (D)exterity?
You feel stronger. x2; Your demonic ancestry asserts itself...
A menacing aura infuses your magic.
Done exploring.
Done exploring.
Done exploring.
Done exploring.
Are you sure you want to abandon this character and quit the game? (Confirm with "yes".)

...# #.# ...# #.#
.#.# #.# .#.# #.#
.#.# #.# ### ##.##
###.# #.#
#..###...# #.#
##..#..### #.#
##..(..## #@#
#...#.##########.#
†..#####.........#
_.## #(#########
...#####.#
#...#.##.#
##....##.#
##..###.# #..##
#.#


There were no monsters in sight!

Vanquished Creatures
  An endoplasm (D:1)
  2 giant cockroaches (D:1)
  2 goblins (D:1)
  5 hobgoblins (D:1)
  2 jackals (D:1)
  8 ball pythons (D:1)
  2 bats (D:1)
  2 frilled lizards (D:1)
  A kobold (D:1)
  A rat (D:1)
26 creatures vanquished.

Notes
Turn   | Place    | Note
-------+----------+-------------------------------------------
     0 | D:1      | ytrimaz the Demonspawn Berserker began the quest for the
                  | Orb.
     0 | D:1      | Reached XP level 1. HP: 18/18 MP: 1/1
   465 | D:1      | Gained mutation: You are partially covered in yellow
                  | scales. (AC +2) [demonic ancestry]
   465 | D:1      | Reached XP level 2. HP: 16/24 MP: 2/2
   588 | D:1      | Found a faded altar of an unknown god.
  1083 | D:1      | Found Wiserete's Weapon Emporium.
  1291 | D:1      | Gained mutation: Spells you cast may paralyse adjacent
                  | enemies. [demonic ancestry]
  1291 | D:1      | Reached XP level 3. HP: 26/29 MP: 3/3
  1323 | D:1      | Quit the game

Illustrated notes

Levels and vault maps discovered:
D:1:      dpeg_arrival_concentric_ovals, layout_basic,
          nicolae_ecumenical_snake_handling, serial_shops, shop

Skill      XL: |  1 |
---------------+----+-----
Axes           | 3 |  3.8
Fighting       | |  3.0
Armour         | |  1.7
Dodging        | |  1.7

Action                   || total
-------------------------++-------
Melee: Hand axe          ||    68
       Punch             ||     2
 Stab: Sleeping          ||     1
Armor: Animal skin       ||    20
Dodge: Dodged            ||    56

Table legend: (Time is in decaauts)
 A = Elapsed time spent in this place.
 B = Non-inter-level travel time spent in this place.
 C = Inter-level travel time spent in this place.
 D = Time resting spent in this place.
 E = Time spent auto-exploring this place.
 F = Levels seen in this place.
 G = Mean time per level.
                   A        B        C        D        E       F      G
               +--------+--------+--------+--------+--------+-----+--------+
         Total |   1330 |   1330 |      0 |      0 |   1143 |   1 | 1330.0 |
       Dungeon |   1330 |   1330 |      0 |      0 |   1143 |   1 | 1330.0 |
               +--------+--------+--------+--------+--------+-----+--------+

Top non-repeatable levels by time:
     D:1: 1330 daAuts
